AoeStats
← ElCapytan42

Arabia

510879757Analyzed
1v1 RM · 22h ago on Oct 2, 2026· 34m 1s· 2 players
Game mode
Random Map
Map size
Tiny (2 player)
Population
200
Speed
Normal
Resources
Standard
Victory
Conquest
Starting age
Dark Age
Ending age
Imperial Age
RankedLock teamsTeams togetherTeam positionsShared explorationLock speedFull tech treeHidden civsTurbo modeCheats
Victory
Defeat
🇦🇷 Bohemians · Argentina
708
+14
🇺🇸 Vikings · United States
655
-31
ElCapytan42
12:57 Feudal Age
13:31 Double-Bit Axe
14:18 Loom
20:33 Horse Collar
22:58 Fletching
ALDY
1:03 Loom
15:02 Feudal Age
15:40 Horse Collar
16:58 Double-Bit Axe
24:13 Castle Age
25:49 Padded Archer Armor
25:40 Fletching
26:55 Crossbowman
28:06 Heavy Plow
27:27 Pikeman
28:08 Squires
30:58 Bow Saw
30:18 Elite Skirmisher
34:40 Wagenburg Tactics
Connection lost

Rejoining the realm…

Still unreachable

The connection could not be restored.

Session expired

The server has moved on; the page needs a fresh start.